 Dungeon Crawl Stone Soup version bcrawl-1.40.3b (webtiles) character file.

Game seed: 6687776806131401578

101377 Finalfun the Sneak (level 4, 0/31 HPs)
             Began as a Human Archaeologist on Mar 15, 2024.
             Succumbed to an orc's poison
             ... on level 3 of the Dungeon.
             The game lasted 00:04:00 (2140 turns).

Finalfun the Sneak (Human Archaeologist)            Turns: 2140, Time: 00:04:00

Health: 0/31       AC:  6    Str: 12 (13) XL:     4   Next: 30%
Magic:  4/4        EV: 11    Int: 11 (14) God:
Gold:   80         SH:  3    Dex:  8 (11) Spells: 3/3 levels left

rFire    . . .     GDR:     19% v - +0 dagger
rCold    + . .     SeeInvis .   w - +0 buckler
rNeg     . . .     Gourm    .   c - +1 robe
rPois    .         Faith    .   d - +1 hat
rElec    .         Spirit   .   (no cloak)
rCorr    .         Reflect  .   (no gloves)
MR       .....                  s - +1 pair of boots
Stlth    ++........             (no amulet)
HPRegen  0.15/turn              (no ring)
MPRegen  0.09/turn              (no ring)

@: lethally poisoned (0 -> -4)
A: hooves 1, blurry vision 1, cold resistance 1, frail 1
a: no special abilities


You were on level 3 of the Dungeon.
You were hungry.

You visited 1 branch of the dungeon, and saw 3 of its levels.

You collected 80 gold pieces.

Inventory:

Hand Weapons
 b - a +0 blowgun
 l - a +4 whip
 p - a cursed -3 dagger
 v - a +0 dagger (weapon)
Missiles
 a - 210 sling bullets
 f - 57 curare-tipped needles
 i - 395 stones (quivered)
 o - 125 poisoned needles
Armour
 c - a +1 robe (worn)
 d - a +1 hat (worn)
 k - a +0 pair of gloves
 s - a +1 pair of boots (worn)
 w - a +0 buckler (worn)
Jewellery
 q - an uncursed ring of magical power {unknown}
Scrolls
 g - 2 scrolls of revelation
 m - a scroll of enchant weapon {unknown}
 n - a scroll of enchant armour {unknown}
 r - 2 scrolls of immolation
 t - a scroll of remove curse {unknown}
Potions
 j - a potion of invisibility
Miscellaneous
 h - a dusty tome
Comestibles
 e - 3 rations {!d}


   Skills:
 + Level 3.0 Fighting
 - Level 1.1 Maces & Flails
 - Level 4.0 Dodging
 - Level 4.0 Stealth


You had 3 spell levels left.
You didn't know any spells.
Your spell library contained the following spells:

 Spells                   Type           Power        Failure   Level  Hunger
 Slow                     Hex            #.......     69%         1    None
 Ensorcelled Hibernation  Hex/Ice        #.....       83%         2    ####...
 Confuse                  Hex            #.......     96%         3    #####..
 Dazzling Orbs            Conj/Hex       #......      96%         3    #####..
 Tukima's Dance           Hex            #.......     96%         3    #####..
 Cause Fear               Hex            #.........   100%        4    ######.


Dungeon Overview and Level Annotations

Branches:
Dungeon (3/12)

Altars:
Dithmenos
Kikubaaqudgha
Lugonu
Xom


Innate Abilities, Weirdness & Mutations

You have large cloven feet.
Scrolls take you a little longer to read.
Your flesh is cold resistant. (rC+)
You are frail. (-10% HP)


Message History

You feel sick.
You see here a short sword.
* * * LOW HITPOINT WARNING * * *
You feel sick.
* * * LOW HITPOINT WARNING * * *
You feel sick.
There is a stone staircase leading down here.
* * * LOW HITPOINT WARNING * * *
You feel sick.
You climb downwards.
* * * LOW HITPOINT WARNING * * *
You feel sick.
The orc throws a poisoned tomahawk.
The poisoned tomahawk hits you.
* * * LOW HITPOINT WARNING * * *
There is a stone staircase leading up here.
The orc throws a poisoned tomahawk.
The poisoned tomahawk misses you.
* * * LOW HITPOINT WARNING * * *
You feel sick.
The orc throws a poisoned tomahawk.
The poisoned tomahawk closely misses you.
You die... h

###### ..... #....# ..
..... #....# ...
....##....##+#+#....
#....#...##.#.#....
#....'..o'......#
#....#...##.#.###.#
.###.....<.##.o.......
......#..†.##.@.####.#
#######
#####.......##....# #
#......
...........!......#....
#.#####
#.._..._......<......#
#.#
#.........###....###.#
#.# ......8....# #....#
#.# ##.........# ####.#
#.# ...........# .. #.#
###..._....#
##.#.####.###


You could see an orc.

Vanquished Creatures
  Jessica (D:2)
  3 dart slugs (D:2)
  2 leopard geckos (D:2)
  A bat (D:1)
  A giant cockroach (D:2)
  2 goblins (D:1)
  5 jackals
  3 quokkas (D:2)
  2 frilled lizards
  4 kobolds
  2 rats
26 creatures vanquished.

Vanquished Creatures (others)
  A jackal (D:3)
1 creature vanquished.

Grand Total: 27 creatures vanquished

Notes
Turn   | Place    | Note
-------+----------+-------------------------------------------
     0 | D:1      | Finalfun the Human Archaeologist began the quest for the
                  | Orb.
     0 | D:1      | Reached XP level 1. HP: 15/15 MP: 1/1
   339 | D:1      | Reached XP level 2. HP: 6/21 MP: 2/2
   339 | D:1      | Gained mutation: You are frail. (-10% HP) [potion of
                  | mutation]
   339 | D:1      | Gained mutation: Scrolls take you a little longer to read.
                  | [potion of mutation]
   339 | D:1      | Gained mutation: Your flesh is cold resistant. (rC+)
                  | [potion of mutation]
   339 | D:1      | Gained mutation: You have large cloven feet. [potion of
                  | mutation]
  1025 | D:2      | Reached XP level 3. HP: 24/24 MP: 3/3
  1106 | D:2      | Noticed Jessica
  1117 | D:2      | Killed Jessica
  1118 | D:2      | Reached XP level 4. HP: 30/30 MP: 4/4
  1511 | D:2      | Found an ancient bone altar of Kikubaaqudgha.
  1735 | D:2      | Found a faded altar of an unknown god.
  1929 | D:3      | Found a corrupted altar of Lugonu.
  1929 | D:3      | Found a shimmering altar of Xom.
  2062 | D:3      | Found a shadowy altar of Dithmenos.
  2139 | D:3      | HP: 1/31 [poisoned by an orc]
  2140 | D:3      | Succumbed to an orc's poison

Skill      XL: |  1  2  3  4 |
---------------+-------------+-----
Stealth        | 4 |  4.0
Fighting       | 2 3 |  3.0
Dodging        | 4 |  4.0
Maces & Flails | |  1.1

Action                   |  1- 3 |  4- 6 || total
-------------------------+-------+-------++-------
Melee: Dagger            |   130 |    29 ||   159
       Whip              |     6 |       ||     6
  Use: Potion            |     3 |     1 ||     4
       Scroll            |     2 |       ||     2
 Stab: Sleeping          |     2 |     4 ||     6
  Eat: Chunk             |     3 |     4 ||     7
Armor: Robe              |    48 |     8 ||    56
       Skin              |    42 |       ||    42
Dodge: Dodged            |   107 |    30 ||   137
Block: Buckler           |       |     1 ||     1
